 Dungeon Crawl Stone Soup version 0.28-a0-1347-g113dc556a4 (webtiles) character file.

Game seed: 15106271900171582263

8 sanka the Vexing (level 2, 18/19 HPs)
             Began as a Demonspawn Enchanter on Dec 29, 2021.
             Quit the game on level 1 of the Dungeon.
             The game lasted 00:00:41 (365 turns).

sanka the Vexing (Demonspawn Enchanter)              Turns: 365, Time: 00:00:41

Health: 18/19      AC:  2    Str:  8    XL:     2   Next: 0%
Magic:  5/5        EV: 12    Int: 16    God:
Gold:   0          SH:  0    Dex: 13    Spells: 5/5 levels left

rFire   . . .      SeeInvis .   a - +1 dagger
rCold   . . .      Faith    .   (no shield)
rNeg    . . .      Spirit   .   b - +0 robe
rPois   +          Reflect  .   (helmet restricted)
rElec   .          Harm     .   (no cloak)
rCorr   .          Rampage  .   (no gloves)
Will    .....                   (no boots)
Stlth   ++........              (no amulet)
HPRegen 0.06/turn               (no ring)
MPRegen 0.09/turn               d - ring of poison resistance

@: invisible (expiring)
A: antennae 1
a: no special abilities


You were on level 1 of the Dungeon.
You visited 1 branch of the dungeon, and saw 1 of its levels.


Innate Abilities, Weirdness & Mutations

You have a pair of small antennae on your head.


   Skills:
 + Level 1.2 Short Blades
 - Level 1.7 Dodging
 + Level 2.9 Stealth
 - Level 2.0 Spellcasting
 + Level 3.2 Hexes


You had 5 spell levels left.
You didn't know any spells.
Your spell library contained the following spells:

 Spells                   Type           Power      Damage    Failure   Level
 Ensorcelled Hibernation  Hex/Ice        12%        N/A       16%         2
 Confusing Touch          Hex            11%        N/A       17%         3
 Tukima's Dance           Hex            11%        N/A       17%         3
 Dazzling Flash           Conj/Hex       12%        N/A       32%         3

Inventory:

Hand Weapons
 a - a +1 dagger (weapon)
Armour
 b - a +0 robe (worn)
 e - a +0 helmet
Jewellery
 d - a ring of poison resistance (right hand)
Potions
 f - a potion of curing {unknown}

Dungeon Overview and Level Annotations

Branches:
Dungeon (1/15)

Altars:

▒▒▒▒▒.....▒........▒.....▒
▒.........'........+......
▒.........▒........▒......
▒.........▒...........▒▒..
▒.........▒...........▒▒
▒▒▒▒▒
▒......>...............▒
▒...▒
▒......▒▒.....▒▒▒▒▒....▒
▒...▒ ▒▒.....▒▒.▒▒▒.▒
▒▒▒▒.▒ ▒...▒ ▒.....▒▒6▒
▒.▒ ..▒ ▒▒...▒▒▒▒)....▒▒.▒
▒+▒ ▒.▒
.+............▒▒.......▒
..
▒▒...▒.......^.........▒
▒.......▒.....▒▒.......▒
▒▒....▒.▒......▒.......▒
......+........▒.......▒
......▒▒▒▒.....▒▒++....▒
......▒ ▒.....▒ ....▒


There were no monsters in sight!


Message History

You see here a hobgoblin corpse.
You hit the hobgoblin.
The hobgoblin is almost dead.
The hobgoblin barely misses you.
You hit the hobgoblin.
You kill the hobgoblin!
You hit the hobgoblin.
The hobgoblin is lightly wounded.
The hobgoblin barely misses you.
You barely miss the hobgoblin.
The hobgoblin is lightly wounded.
The hobgoblin closely misses you.
You barely miss the hobgoblin.
The hobgoblin is lightly wounded.
The hobgoblin barely misses you.
You hit the hobgoblin.
The hobgoblin is moderately wounded.
The hobgoblin misses you.
You hit the hobgoblin but do no damage.
The hobgoblin is moderately wounded.
You strike the helpless hobgoblin from behind!
You puncture the hobgoblin!
You kill the hobgoblin!
You have reached level 2!
Your demonic ancestry asserts itself...
A pair of antennae grows on your head!
Your +0 helmet falls away!
You start resting.
You flicker for a moment.
Are you sure you want to abandon this character and quit the game? (Confirm with "yes".)

Action                   || total
-------------------------++-------
Melee: Dagger            ||    31
  Use: Potion            ||     1
 Stab: Invisible         ||     1
       Sleeping          ||     1
Armor: Robe              ||     3
Dodge: Dodged            ||    22

Levels and vault maps discovered:
D:1:      dpeg_arrival_rhombi, layout_basic, basic_ecumenical_altar,
          minmay_gold_behind_fungi

Notes
Turn   | Place    | Note
-------+----------+-------------------------------------------
     0 | D:1      | sanka the Demonspawn Enchanter began the quest for the Orb.
     0 | D:1      | Reached XP level 1. HP: 13/13 MP: 3/3
    17 | D:1      | Found a faded altar of an unknown god.
    36 | D:1      | Reached skill level 1 in Short Blades
   357 | D:1      | Gained mutation: You have a pair of small antennae on your
                  | head. [demonic ancestry]
   357 | D:1      | Reached XP level 2. HP: 17/19 MP: 5/5
   365 | D:1      | Quit the game

Vanquished Creatures
  An endoplasm (D:1)
  A giant cockroach (D:1)
  3 hobgoblins (D:1)
  A kobold (D:1)
  A rat (D:1)
7 creatures vanquished.

Vanquished Creatures (others)
  6 toadstools (D:1)
6 creatures vanquished.

Grand Total: 13 creatures vanquished
